 Dungeon Crawl Stone Soup version 0.30-a0-743-gbfdf073431 (webtiles) character file.

Game seed: 7048824908413038229

25124 Ijustatesigmund the Eclecticist (level 12, -9/66 HPs)
             Began as a Deep Elf Conjurer on Feb 8, 2023.
             Was an Elder of Vehumet.
             Killed from afar by an efreet (38 damage)
             ... with a bolt of fire
             ... on level 13 of the Dungeon.
             The game lasted 01:02:53 (21955 turns).

Ijustatesigmund the Eclecticist (DECj)             Turns: 21955, Time: 01:02:53

Health: -9/66      AC: 20    Str:  6    XL:     12   Next: 86%
Magic:  14/34      EV: 11    Int: 27    God:    Vehumet [****..]
Gold:   637        SH:  0    Dex: 13    Spells: 23/44 levels left

rFire   . . .      SeeInvis +    d - +7 short sword (venom)
rCold   . . .      Faith    .    (no shield)
rNeg    . . .      Spirit   .    a - +1 swamp dragon scales
rPois   +          Reflect  .    B - +1 helmet
rElec   .          Harm     .    t - +2 cloak {Will+}
rCorr   +          Rampage  .    J - +2 pair of gloves {hurl}
Will    ++...                    N - +2 pair of boots
Stlth   +                        (no amulet)
HPRegen 0.31/turn                m - ring of see invisible
MPRegen 0.24/turn                w - ring of resist corrosion

@: immotile
A: no striking features
a: Renounce Religion


You were on level 13 of the Dungeon.
You worshipped Vehumet.
Vehumet was greatly pleased with you.
You visited 2 branches of the dungeon, and saw 14 of its levels.
You also visited: Sewer and Bailey.

You collected 1089 gold pieces.
You spent 452 gold pieces at shops.

Inventory:

Hand Weapons
 c - a +1 quarterstaff
 d - a +7 short sword of venom (weapon)
 u - a +2 quarterstaff of chaos
Armour
 a - +1 swamp dragon scales (worn)
 t - a +2 cloak of willpower (worn)
 A - a +2 cloak of poison resistance
 B - a +1 helmet (worn)
 J - a +2 pair of gloves of hurling (worn)
 N - a +2 pair of boots (worn)
Jewellery
 m - a ring of see invisible (left hand)
 w - a ring of resist corrosion (right hand)
 E - a ring of ice
 I - a ring of wizardry
Wands
 p - a wand of roots (9)
 q - a wand of digging (9)
 y - a wand of mindburst (3)
 D - a wand of light (1)
 K - a wand of charming (1)
Scrolls
 f - 2 scrolls of noise
 j - 3 scrolls of teleportation
 l - a scroll of poison
 s - 3 scrolls of magic mapping
 C - 3 scrolls of identify
 G - a scroll of amnesia
 L - a scroll of fear
Potions
 b - a potion of haste
 e - 3 potions of mutation
 g - a potion of berserk rage
 h - 2 potions of cancellation
 i - 2 potions of lignification
 k - 3 potions of curing
 n - 2 potions of resistance
 o - 4 potions of brilliance
 r - 2 potions of might
 v - a potion of magic
 x - 2 potions of invisibility
 z - a potion of ambrosia
 F - 2 potions of attraction
 H - 5 potions of flight
 O - 2 potions of heal wounds


   Skills:
 - Level 4.3 Fighting
 - Level 3.0 Short Blades
 - Level 3.7 Armour
 - Level 6.2 Dodging
 - Level 2.4 Stealth
 + Level 16.5 Spellcasting
 + Level 13.9 Conjurations
 - Level 7.7 Hexes
 - Level 4.2 Translocations
 - Level 4.3 Fire Magic
 + Level 2.1 Air Magic
 - Level 4.1 Evocations


You had 23 spell levels left.
You knew the following spells:

 Your Spells              Type           Power      Damage    Failure   Level
a - Magic Dart            Conj           100%       1d8       1%          1
b - Searing Ray           Conj           100%       2d8       1%          2
c - Fulminant Prism       Conj/Hex       34%        3d16      1%          4
d - Momentum Strike       Conj/Tloc      100%       3d10      1%          2
e - Sticky Flame          Conj/Fire      64%        2d8       1%          4
f - Swiftness             Air            33%        N/A       10%         3
g - Iskenderun's Battles  Conj           77%        2d13      1%          5

Your spell library contained the following spells:

 Spells                   Type           Power      Damage    Failure   Level
 Static Discharge         Conj/Air       100%       2-7/arc   1%          2
 Dazzling Flash           Conj/Hex       100%       N/A       1%          3
 Kindle Blastsparks       Fire/Tloc/Air  82%        2d16      1%          3
 Tukima's Dance           Hex            59%        N/A       1%          3
 Iskenderun's Mystic Bla  Conj/Tloc      63%        2d13      1%          4
 Ensorcelled Hibernation  Hex/Ice        86%        N/A       2%          2
 Arcjolt                  Conj/Air       30%        1d40      2%          5
 Lightning Bolt           Conj/Air       30%        1d47      2%          5
 Ignite Poison            Fire/Tmut/Pois 29%        N/A       3%          3
 Vhi's Electric Charge    Tloc/Air       78%        N/A       6%          3
 Freezing Cloud           Conj/Ice/Air   25%        6-21      7%          5
 Passwall                 Tmut/Erth      18%        N/A       12%         2
 Yara's Violent Unravell  Hex/Tmut       21%        3d10      12%         5
 Passage of Golubria      Tloc           45%        N/A       14%         4
 Leda's Liquefaction      Hex/Erth       21%        N/A       16%         4
 Silence                  Hex/Air        24%        N/A       28%         5
 Lee's Rapid Deconstruct  Erth           11%        3d8*      45%         5
 Agony                    Necr           22%        N/A       91%         5
 Statue Form              Tmut/Erth      14%        N/A       100%        6


Dungeon Overview and Level Annotations

Branches:
Dungeon (13/15)            Temple (1/1) D:5            Lair (0/5) D:8
    Orc (0/2) D:12          Sewer (visited)          Bailey (visited)
 Vaults: D:13-14

Altars:
Ashenzari
Cheibriados
Dithmenos
Elyvilon
Fedhas
Gozag
Hepliaklqana
Kikubaaqudgha
Makhleb
Nemelex Xobeh
Okawaru
Qazlal
Ru
Sif Muna
Trog
Uskayaw
Vehumet
Wu Jian
Xom
Yredelemnul
Zin
The Shining One

Shops:
D:5 !=*   D:12 !

Portals:
Trove: D:12 (give 4 scrolls of fog)

Annotations:
D:7 3 runed translucent doors, Mlamla's ghost, novice DrCj


Message History

Confirm with . or Enter, or press ? or * to list all spells.
You conjure a globe of magical energy.
The efreet barely misses you.
Casting: Iskenderun's Battlesphere (dangerous; 1% risk of failure)
Confirm with . or Enter, or press ? or * to list all spells.
Aiming: Magic Dart (safe; 1% risk of failure)
Press: ? - help, Shift-Dir - straight line, f - efreet
Aim: an efreet, wielding a +4 scimitar of flaming, wearing a +0 robe and wearing the ring of Leaves {Int+2 SInv} (lightly wounded, 100% to hit)
The magic dart hits the efreet.
The efreet is moderately wounded.
The efreet hits you with a +4 scimitar of flaming!
The efreet burns you.
Casting: Magic Dart (safe; 1% risk of failure)
Confirm with . or Enter, or press ? or * to list all spells.
Aiming: Momentum Strike (safe; 1% risk of failure)
Press: ? - help, Dir - move target, f/p - efreet
Aim: an efreet, wielding a +4 scimitar of flaming, wearing a +0 robe and wearing the ring of Leaves {Int+2 SInv} (moderately wounded, ally target, 92% to hit)
The concentrated momentum hits the efreet.
The efreet is moderately wounded.
You are unable to move.
The efreet hits you but does no damage.
Your battlesphere fires!
The barrage of energy hits the efreet but does no damage.
The efreet is moderately wounded.
Casting: Momentum Strike (safe; 1% risk of failure)
Confirm with . or Enter, or press ? or * to list all spells.
Aiming: Searing Ray (safe; 1% risk of failure)
Press: ? - help, Shift-Dir - straight line, f/p - efreet
Aim: an efreet, wielding a +4 scimitar of flaming, wearing a +0 robe and wearing the ring of Leaves {Int+2 SInv} (moderately wounded, ally target, 94% to hit)
The searing ray hits the efreet but does no damage.
The efreet is moderately wounded. (Press . to maintain the ray.)
The efreet hits you but does no damage.
Your battlesphere fires!
The barrage of energy hits the efreet.
The efreet is moderately wounded.
The searing ray hits the efreet but does no damage.
The efreet is moderately wounded.
The efreet gestures at you. The bolt of fire hits you!!!
Ouch! That really hurt!
You die...

.#.§[..§§§.###..................#
.##§§§§§§§##.#..##..............'
.###§§§§§###.'..##..............#
.####[..####.#..##........#####.#
.............#..##........# #)#
.............#..##........#####)'
....##......##....*...........).#
....##......#......##########'###
....#.......#.##@..# ......)..*c
....#.......#.##R..# .........##
....#.......#.##)..# .☼○......#
....#.......#.##(..# ..○......#
....#.......#.##)..# ..°R.....#
....####+####......# ..##.....#
....# .......# .. #.....# ....#
..☼....# ....# #


You could see an efreet and a friendly battlesphere (wandering).

Vanquished Creatures
  Snorg (D:10)
  Harold (D:10)
  Erica (D:9)
  3 boulder beetles
  6 centaur warriors
  2 two-headed ogres
  2 deep elf pyromancers
  A manticore (D:11)
  An ugly thing (D:11)
  A cyclops (D:11)
  A gargoyle (D:10)
  Maggie (D:6)
  2 kobold demonologists (D:9)
  A yaktaur (shapeshifter) (D:10)
  3 trolls
  A hornet (D:9)
  7 slime creatures (D:12)
  A shadow (D:11)
  2 humans (D:10)
  A vampire (D:10)
  A wyvern (D:8)
  Eustachio (D:6)
  2 basilisks
  4 wraiths
  14 yaks
  2 steam dragons (D:9)
  5 vampire mosquitoes
  Edmund (D:6)
  An acid dragon (D:12)
  A water moccasin (D:8)
  14 orc warriors
  A black bear (D:8)
  An ice beast (D:7)
  A sky beast (D:7)
  2 ogres
  14 centaurs
  2 phantoms
  5 kobold brigands
  2 gnoll sergeants (D:10)
  A necrophage (D:4)
  7 bullfrogs
  2 scorpions (D:4)
  11 wights
  6 killer bees
  10 howler monkeys
  6 orc priests
  A jelly (D:7)
  A gnoll bouda (D:6)
  Crazy Yiuf (D:4)
  An iguana (D:4)
  11 orc wizards
  13 adders
  7 gnolls
  8 river rats (Sewer)
  2 shadow imps
  A white imp (D:6)
  4 ufetubi
  4 worms
  2 dart slugs
  49 orcs
  9 endoplasms
  3 giant cockroaches
  6 hobgoblins
  12 jackals
  8 quokkas
  25 ball pythons
  9 bats
  8 frilled lizards
  19 goblins
  A goblin skeleton (D:7)
  4 hobgoblin zombies (D:7)
  15 kobolds
  A kobold zombie (D:7)
  An orc zombie (D:7)
  30 rats
412 creatures vanquished.

Vanquished Creatures (collateral kills)
  A slime creature (D:12)
  2 rats (Sewer)
3 creatures vanquished.

Vanquished Creatures (others)
  A slime creature (D:12)
  A centaur (D:13)
  An orc (D:7)
  A quokka (D:7)
  82 fulminant prisms
  16 plants (D:1)
102 creatures vanquished.

Grand Total: 517 creatures vanquished

Notes
Turn   | Place    | Note
-------+----------+-------------------------------------------
     0 | D:1      | Ijustatesigmund the Deep Elf Conjurer began the quest for
                  | the Orb.
     0 | D:1      | Reached XP level 1. HP: 10/10 MP: 6/6
   166 | D:1      | Found a faded altar of an unknown god.
   209 | D:1      | Reached XP level 2. HP: 15/15 MP: 4/8
   216 | D:1      | Learned a level 2 spell: Searing Ray
   776 | D:1      | Reached XP level 3. HP: 19/19 MP: 8/10
  1260 | D:2      | Reached skill level 4 in Spellcasting
  1325 | D:2      | Reached skill level 5 in Conjurations
  1364 | D:2      | Found a stormy altar of Qazlal.
  1778 | D:2      | Reached XP level 4. HP: 24/24 MP: 9/12
  1783 | D:2      | Learned a level 4 spell: Fulminant Prism
  2055 | D:2      | Reached skill level 1 in Hexes
  2663 | D:3      | Reached skill level 5 in Spellcasting
  2710 | D:3      | Found a glowing drain.
  2742 | Sewer    | Entered a sewer
  3123 | Sewer    | Reached XP level 5. HP: 28/28 MP: 10/14
  4225 | Sewer    | Reached skill level 6 in Spellcasting
  4581 | Sewer    | Reached XP level 6. HP: 32/32 MP: 6/17
  5161 | D:3      | Reached skill level 5 in Hexes
  5461 | D:4      | Reached skill level 7 in Spellcasting
  5708 | D:4      | Reached skill level 1 in Fighting
  5708 | D:4      | Reached XP level 7. HP: 34/38 MP: 12/19
  6314 | D:4      | Found a runed translucent door.
  6315 | D:4      | Noticed Crazy Yiuf
  6322 | D:4      | Killed Crazy Yiuf
  6926 | D:5      | Entered Level 5 of the Dungeon
  6939 | D:5      | Found Quimippy's General Store.
  6944 | D:5      | Bought a potion of curing for 42 gold pieces
  6995 | D:5      | Reached skill level 8 in Spellcasting
  7044 | D:5      | Reached XP level 8. HP: 45/45 MP: 13/22
  7272 | D:5      | Found a shimmering blue altar of Sif Muna.
  7275 | D:5      | Found a staircase to the Ecumenical Temple.
  7286 | Temple   | Entered the Ecumenical Temple
  7397 | D:5      | Found Umaogg's Distillery.
  7444 | D:5      | Bought a potion of magic for 88 gold pieces
  7530 | D:5      | You fall into a shaft and drop 3 floors!
  7633 | D:7      | Found a runed translucent gate.
  7633 | D:7      | Found a runed translucent gate.
  7633 | D:7      | Found an opulent altar of Gozag.
  7633 | D:7      | Found a runed translucent gate.
  7634 | D:7      | Noticed Mlamla's ghost (novice DrCj)
  7814 | D:7      | Reached skill level 1 in Evocations
  7845 | D:7      | Reached skill level 9 in Spellcasting
  8187 | D:6      | Reached skill level 1 in Short Blades
  8419 | D:5      | Found Bevy's Jewellery Emporium.
  8476 | D:5      | Found a sacrificial altar of Ru.
  8488 | D:5      | Found a shadowy altar of Dithmenos.
  8489 | D:5      | Found a sparkling altar of Nemelex Xobeh.
  8778 | D:6      | Noticed Maggie
  8779 | D:6      | Noticed Eustachio
  9185 | D:6      | Noticed Edmund
  9201 | D:6      | Killed Edmund
  9353 | D:6      | Killed Maggie
  9354 | D:6      | Reached skill level 10 in Spellcasting
  9354 | D:6      | Reached XP level 9. HP: 50/50 MP: 8/25
  9494 | D:6      | Killed Eustachio
  9784 | D:6      | Reached skill level 1 in Armour
  9930 | D:6      | Found a radiant altar of Vehumet.
 10182 | D:6      | Became a worshipper of Vehumet
 10732 | D:7      | Noticed a boulder beetle
 10761 | D:7      | Killed a boulder beetle
 10762 | D:7      | Reached skill level 11 in Spellcasting
 11140 | D:7      | Found a white marble altar of Elyvilon.
 11279 | D:7      | Reached XP level 10. HP: 56/56 MP: 10/27
 11281 | D:7      | Reached * piety under Vehumet
 11281 | D:7      | Offered knowledge of Freeze by Vehumet.
 11841 | D:7      | Found a glowing golden altar of the Shining One.
 12042 | D:8      | Reached skill level 12 in Spellcasting
 12362 | D:8      | Reached skill level 10 in Conjurations
 12378 | D:8      | Found a basalt altar of Yredelemnul.
 12521 | D:8      | Found a staircase to the Lair.
 12525 | D:8      | Noticed a centaur warrior
 12537 | D:8      | Killed a centaur warrior
 13049 | D:9      | Noticed Erica
 13058 | D:9      | Killed Erica
 13059 | D:9      | Reached skill level 13 in Spellcasting
 13261 | D:9      | Offered knowledge of Momentum Strike by Vehumet.
 13262 | D:9      | Reached skill level 14 in Spellcasting
 13356 | D:9      | Reached ** piety under Vehumet
 13427 | D:9      | Reached XP level 11. HP: 59/60 MP: 13/31
 14005 | D:9      | Noticed a two-headed ogre
 14017 | D:9      | Killed a two-headed ogre
 14258 | D:9      | Noticed a deep elf pyromancer
 14270 | D:9      | Killed a deep elf pyromancer
 14487 | D:9      | Learned a level 2 spell: Momentum Strike
 14729 | D:9      | Noticed a boulder beetle
 14757 | D:9      | Killed a boulder beetle
 14758 | D:9      | Reached skill level 1 in Translocations
 14878 | D:9      | Identified the +6 scale mail of the Ace of Cups {rElec
                  | Regen+ Dex-4 SInv}
 14878 | D:9      | Noticed a skeletal warrior
 15020 | D:10     | Entered Level 10 of the Dungeon
 15040 | D:10     | Found a flagged portal.
 15057 | Bailey   | Entered a bailey
 15461 | Bailey   | Reached skill level 15 in Spellcasting
 15524 | Bailey   | Identified the +11 plate armour "Inis" {rF- rCorr Str+2}
 15528 | Bailey   | Offered knowledge of Inner Flame by Vehumet.
 16078 | D:10     | Noticed a two-headed ogre
 16101 | D:10     | Killed a two-headed ogre
 16112 | D:10     | Reached *** piety under Vehumet
 16136 | D:10     | Found an iron altar of Okawaru.
 16441 | D:10     | Noticed Snorg
 16454 | D:10     | Killed Snorg
 16714 | D:10     | Found a bloodstained altar of Trog.
 16795 | D:10     | Noticed a centaur warrior
 16802 | D:10     | Killed a centaur warrior
 17104 | D:10     | Reached XP level 12. HP: 66/66 MP: 24/33
 17105 | D:10     | Noticed Harold
 17118 | D:10     | Killed Harold
 17119 | D:10     | Reached skill level 16 in Spellcasting
 17552 | D:10     | Found a snail-covered altar of Cheibriados.
 18586 | D:11     | Offered knowledge of Sticky Flame by Vehumet.
 18843 | D:11     | Learned a level 4 spell: Sticky Flame
 19380 | D:12     | Reached skill level 1 in Fire Magic
 19738 | D:12     | Noticed a centaur warrior
 19749 | D:12     | Killed a centaur warrior
 19750 | D:12     | Reached skill level 5 in Dodging
 19873 | D:12     | Found a staircase to the Orcish Mines.
 19997 | D:12     | Found a portal to a secret trove of treasure.
 20109 | D:13     | Found a shadowy altar of Dithmenos.
 20245 | D:13     | Noticed a centaur warrior
 20263 | D:13     | Killed a centaur warrior
 20263 | D:13     | Reached **** piety under Vehumet
 20284 | D:13     | Noticed a centaur warrior
 20697 | D:12     | Found Vilew's Distillery.
 20700 | D:12     | Bought a potion of heal wounds for 70 gold pieces
 20700 | D:12     | Bought a potion of heal wounds for 70 gold pieces
 20700 | D:12     | Bought 2 potions of heal wounds for 140 gold pieces
 20700 | D:12     | Bought a potion of curing for 42 gold pieces
 21263 | D:13     | Learned a level 3 spell: Swiftness
 21373 | D:13     | Killed a centaur warrior
 21374 | D:13     | Reached skill level 1 in Air Magic
 21478 | D:13     | Noticed a boulder beetle
 21513 | D:13     | Killed a boulder beetle
 21513 | D:13     | Offered knowledge of Iskenderun's Battlesphere by Vehumet.
 21683 | D:13     | Learned a level 5 spell: Iskenderun's Battlesphere
 21938 | D:13     | Noticed a centaur warrior
 21942 | D:13     | Identified the ring of Leaves {Int+2 SInv}
 21943 | D:13     | Killed a centaur warrior
 21955 | D:13     | Killed from afar by an efreet

Illustrated notes

Levels and vault maps discovered:
D:1:      sevenhm_arrival_forest_fort_small_3, layout_rooms,
          shapermc_ecumenical_altar_venn, serial_bayou, serial_bayou_lagoon_b,
          serial_bayou_shore_b, serial_bayou_pond_e, serial_bayou_crossing
D:2:      kennysheep_the_goblin_king, layout_basic, basic_altar,
          grunt_ministairs_15
D:3:      layout_loops_ring, portal_sewer_entry_b
D:4:      layout_loops_ring, uniq_crazy_yiuf_cottage
D:5:      layout_layer_cave, general_overflow_altar, lemuel_tele_altar,
          mainiacjoe_overflow_divided_tiny,
          minmay_temple_entry_statues_fountains, serial_shops, shop,
          nicolae_shop_hallway_stairs, nicolae_shop_hallway_stairs,
          guppyfry_early_orc_mine
D:6:      layout_basic, mainiacjoe_overflow_tiny_flanked, uniq_maggie,
          uniq_edmund, uniq_eustachio
D:7:      layout_loops_corners, elyvilon_altar_4, nicolae_tso_besieged_by_evil,
          ebering_ghost_gozag
D:8:      layout_loops_ring, kennysheep_mini, david_lair_generic,
          minmay_misc_feat_square
D:9:      minmay_the_grid_square_5x5_3x3 [minmay_the_grid_square_5x5_three,
          minmay_the_grid_square_5x5_inset,
          minmay_the_grid_square_5x5_bracketed,
          minmay_the_grid_square_5x5_one_wall,
          minmay_the_grid_square_5x5_megaprize_crossed,
          minmay_the_grid_square_5x5_six_small, minmay_the_grid_square_5x5_mess,
          minmay_the_grid_square_5x5_checkered,
          minmay_the_grid_square_5x5_fancy_junction], layout_rooms, uniq_erica
D:10:     layout_cave_pods, okawaru_humans, lemuel_round_altar,
          mainiacjoe_overflow_alcove_1, enter_bailey_4, minmay_bent, uniq_snorg,
          uniq_harold
D:11:     layout_irregular_city, due_unseen_surprise
D:12:     layout_loops_corners, david_orc_3, enter_trove_1, serial_shops,
          nicolae_shop_behind_doors
D:13:     layout_stronghold, nicolae_dithmenos_the_darkroom
Temple:   nicolae_temple_ecumenical_triangle

Skill      XL: |  1  2  3  4  5  6  7  8  9 10 11 12 |
---------------+-------------------------------------+-----
Dodging        | 3 6 |  6.2
Spellcasting   | 4 5 6 7 8 10 11 14 15 16 | 16.5
Conjurations   | 5 6 8 9 11 13 | 13.9
Hexes          | 2 4 5 7 |  7.7
Fighting       | 1 2 3 4 |  4.3
Evocations     | 2 3 4 |  4.1
Short Blades   | 3 |  3.0
Armour         | 3 |  3.7
Translocations | 4 |  4.2
Fire Magic     | 4 |  4.3
Air Magic      | 2 |  2.1
Stealth        | |  2.4

Action                     |  1- 3 |  4- 6 |  7- 9 | 10-12 || total
---------------------------+-------+-------+-------+-------++-------
  Melee: Short sword       |     3 |       |     8 |    89 ||   100
         Quarterstaff      |       |     6 |       |       ||     6
         Punch             |       |       |       |     1 ||     1
  Throw: Dart              |       |       |       |     2 ||     2
         Throwing net      |       |       |       |     1 ||     1
   Cast: Magic Dart        |    81 |   169 |   128 |   169 ||   547
         Searing Ray       |     4 |    12 |    44 |   149 ||   209
         Fulminant Prism   |       |     3 |    15 |    64 ||    82
         Momentum Strike   |       |       |       |    12 ||    12
         Iskenderun's Batt |       |       |       |     3 ||     3
  Evoke: Wand              |       |       |     9 |    16 ||    25
    Use: Scroll            |     4 |    12 |    11 |    15 ||    42
         Potion            |       |     4 |     4 |     8 ||    16
   Stab: Invisible         |       |       |     1 |     4 ||     5
 Armour: Robe              |     1 |    15 |     6 |       ||    22
         Swamp dragon scal |       |       |    18 |   210 ||   228
  Dodge: Dodged            |     9 |    76 |    37 |   226 ||   348

Table legend: (Time is in decaauts)
 A = Elapsed time spent in this place.
 B = Non-inter-level travel time spent in this place.
 C = Inter-level travel time spent in this place.
 D = Time resting spent in this place.
 E = Time spent auto-exploring this place.
 F = Levels seen in this place.
 G = Mean time per level.
                   A        B        C        D        E       F      G
               +--------+--------+--------+--------+--------+-----+--------+
         Total |  22055 |  21535 |    520 |   8490 |  10135 |  16 | 1378.4 |
       Dungeon |  18741 |  18233 |    508 |   6178 |   9601 |  13 | 1441.6 |
        Temple |     61 |     50 |     11 |      0 |     24 |   1 |   61.0 |
         Sewer |   2248 |   2248 |      0 |   1803 |    245 |   1 | 2248.0 |
        Bailey |   1003 |   1003 |      0 |    509 |    264 |   1 | 1003.0 |
               +--------+--------+--------+--------+--------+-----+--------+

Top non-repeatable levels by time:
   Sewer: 2248 daAuts
     D:7: 2125 daAuts
     D:9: 1992 daAuts
     D:6: 1802 daAuts
    D:10: 1772 daAuts
    D:12: 1610 daAuts
     D:4: 1505 daAuts
    D:11: 1438 daAuts
     D:2: 1341 daAuts
     D:8: 1163 daAuts
     D:1: 1162 daAuts
    D:13: 1134 daAuts
  Bailey: 1003 daAuts
     D:5: 944 daAuts
     D:3: 749 daAuts
